[Event "Karel Janecek Open 2024"]
[Site "Prague"]
[Date "2024.03.05"]
[Round "7.12"]
[White "Tan, Jun Ying"]
[Black "Barbosa, Evandro Amorim"]
[Result "1/2-1/2"]
[ECO "E24"]
[WhiteElo "2310"]
[BlackElo "2491"]
[Annotator "TA"]
[PlyCount "89"]
[EventDate "2024.02.22"]
[EventType "swiss"]
[EventCountry "CZE"]
[SourceTitle "playchess.com"]
[Source "ChessBase"]
[SourceQuality "1"]
[TimeControl "40/5400+30:1800+30"]

1. d4 Nf6 2. c4 e6 3. Nc3 Bb4 4. a3 Bxc3+ 5. bxc3 Nc6 6. f3 b6 7. e4 e5 (7... Na5 $142) 8. Ne2 $11 d6 9. Ng3 Na5 10. Bd3 h5 11. h4 Qd7 12. Bg5 Ba6 13. Nf5 Rg8 14. Bxf6 gxf6 15. O-O O-O-O 16. a4 Kb8 (16... Nxc4 $2 17. d5 $18) 17. Rf2 Rde8 (17... Nxc4 $2 {is the wrong capture.} 18. d5 $18) 18. Bf1 Bc8 19. Rd2 Qd8 20. c5 Bxf5 21. exf5 dxc5 22. dxe5 Qc8 23. Bd3 (23. e6 $11 {remains equal.} fxe6 24. Bb5) 23... fxe5 24. Be4 Rd8 {[%emt 0:00:14] Against Rd7} (24... Nc4 $1 $17 25. Rda2 c6) 25. Rxd8 (25. Qe2 $11) 25... Rxd8 $15 26. Qe2 Qd7 {[%emt 0:01:27] Repels Rd1} 27. Qe3 c4 28. Qg5 Nb3 29. Rf1 {[%emt 0:01:01] [#]} Nc5 (29... a5 $1 $17) 30. Qxh5 $2 (30. a5 $1 $11 {and White stays safe.}) 30... Nxa4 $19 (30... Qxa4 31. Qxf7 Nxe4 32. fxe4 $18) 31. Rc1 Nxc3 32. Rxc3 Qd4+ 33. Kh2 Qxc3 $17 {[%emt 0:00:10][%mdl 4096] Endgame. KQR-KQB} 34. Qh6 $2 (34. Qxf7 $17 Qd4 35. h5) 34... Qe1 $19 {[%emt 0:00:32] ...c3 is the strong threat.} 35. Qf6 Rg8 {[%emt 0:00:45] ( -> ...Qg3+)} 36. g4 {[%emt 0:00:43][%cal Oh2h3] [#]} Qf2+ $2 (36... Kc8 $1 $19 {And now ...Rd8 would win.} 37. Qh6 c3) 37. Kh3 $11 {[%emt 0:00:04] The position is equal.} Qf1+ 38. Kg3 Qg1+ 39. Kh3 Qf1+ 40. Kg3 Qg1+ 41. Kh3 Qc5 {[%emt 0:34:55] Hoping for ...Rf8.} 42. h5 Qg1 43. Qc6 Qh1+ 44. Kg3 {[%emt 0:00:00][%csl Ge4][%cal Rc6b7] Chess con chili.} Qg1+ ({Worse is} 44... Qxh5 45. Qb7#) 45. Kh3 {[%emt 0:00:00] And White is the lucky defender.   Weighted Error Value: White=0.34/Black=0.33.  Loses game:     	White=2     	---        Mistake:       	White=2     	Black=3      Inaccurate:     	White=2     	Black=1      OK:         	White=14    	Black=8      Best:        	White=3     	Black=4} 1/2-1/2

[Event "Karel Janecek Open 2024"]
[Site "Prague"]
[Date "2024.03.05"]
[Round "7.13"]
[White "Csonka, Balasz"]
[Black "Daakshin Arun"]
[Result "1-0"]
[ECO "E62"]
[WhiteElo "2480"]
[BlackElo "2309"]
[Annotator "RC"]
[PlyCount "99"]
[EventDate "2024.02.22"]
[EventType "swiss"]
[EventCountry "CZE"]
[SourceTitle "playchess.com"]
[Source "ChessBase"]
[SourceQuality "1"]
[TimeControl "40/5400+30:1800+30"]

1. d4 Nf6 2. c4 g6 3. g3 Bg7 4. Bg2 O-O 5. Nc3 d6 6. h3 e5 7. Nf3 Nc6 8. Be3 exd4 9. Nxd4 Nxd4 10. Bxd4 Be6 11. b3 c6 12. O-O a5 13. Rc1 Ra6 14. e4 Qd7 15. Kh2 b5 16. cxb5 cxb5 17. Qd3 a4 18. Nxb5 axb3 19. Rc7 Qd8 20. axb3 Nd7 21. Bxg7 Kxg7 22. Rc3 Nc5 23. Qe3 Qb6 24. Nd4 Re8 25. Rd1 Bc8 26. Nc2 Bb7 27. f3 Ne6 28. Qxb6 Rxb6 29. Ne3 Nc5 30. Nc4 Rxb3 31. Rxb3 Nxb3 32. Nxd6 Rb8 33. Rb1 Bc6 34. e5 Bd5 35. f4 Be6 36. g4 f5 37. gxf5 gxf5 38. Rb2 Kg6 39. Bf3 Rb4 40. Rg2+ Kh6 41. Bd5 Nc5 42. Bxe6 Nxe6 43. Nxf5+ Kh5 44. Ng3+ Kh4 45. Ne2 Rb2 46. f5 Ng5 47. Ng1 Rb3 48. Re2 h5 49. e6 Rg3 50. e7 1-0

[Event "Karel Janecek Open 2024"]
[Site "Prague"]
[Date "2024.03.05"]
[Round "7.14"]
[White "Chkhaidze, Nikoloz"]
[Black "Stoyanov, Tsvetan"]
[Result "0-1"]
[ECO "D08"]
[WhiteElo "2209"]
[BlackElo "2465"]
[Annotator "TA"]
[PlyCount "80"]
[EventDate "2024.02.22"]
[EventType "swiss"]
[EventCountry "CZE"]
[SourceTitle "playchess.com"]
[Source "ChessBase"]
[SourceQuality "1"]
[TimeControl "40/5400+30:1800+30"]

1. d4 d5 2. c4 e5 3. dxe5 d4 4. Nf3 Nc6 5. Nbd2 Nge7 6. Nb3 Ng6 7. Nfxd4 Ngxe5 8. e3 {[%emt 0:00:12] Weiß steht etwas besser.} Bg4 9. Be2 Bb4+ $1 10. Kf1 $1 Bxe2+ 11. Qxe2 a5 12. Nxc6 bxc6 (12... Nxc6 $11 {bleibt in der Remisbreite.} 13. Nd4 Qd7) 13. a3 ({Günstiger ist} 13. f4 $16 Nd7 14. a3) 13... Bd6 14. Nd4 Rb8 (14... Qf6 $14) 15. b3 ({Vorzuziehen ist} 15. f4 $16 Qf6 16. g4) 15... c5 $11 16. Nb5 c6 17. Nxd6+ Qxd6 18. Qc2 a4 19. bxa4 Nxc4 20. Qe4+ ({Besser ist} 20. Ke2 $1 $14 Qe6 21. Rd1) 20... Ne5 21. Ke2 {[%emt 0:01:40] Es drohte Qd1+} O-O $132 {[%emt 0:05:10][%mdl 2048] Schwarz hält sich nicht zurück} 22. Rd1 Qe6 23. Qc2 c4 24. Bb2 (24. Kf1 $11) 24... Nd3 (24... Qg6 $1 $17 25. Rd2 Qd3+ (25... Nd3 26. Bd4 $11) 26. Rxd3 (26. Qxd3 cxd3+ 27. Kd1 Nc4 $17) 26... cxd3+ 27. Kd2 dxc2 28. Bxe5 Ra8 29. Kxc2 Rxa4) 25. Bc3 {[%emt 0:00:11] Weiss ist schwach auf den weissen Feldern} f5 {[%emt 0:06:36] Weiss muss nun ...f4 beachten.} 26. Kf1 f4 27. exf4 Rxf4 28. Rd2 {[%emt 0:00:46][%mdl 8192] [#]} (28. f3 $11 {und Weiss muss sich keine Sorgen machen.}) 28... Rbf8 $1 $19 29. f3 {[%emt 0:01:27] [#]} Qg4 $1 {[%emt 0:01:17][%cal Of4f3] Und ...Rxf3+! würde nun gewinnen.} 30. Kg1 $2 (30. Rf2 Qh5 31. Kg1) 30... Rxf3 {[%emt 0:00:10] ...Rf2 wäre nun fies.} 31. Qd1 Qg5 32. Qe2 Qc5+ 33. Kh1 Nf2+ 34. Kg1 Nh3+ $2 (34... Rd3 35. Bb4 Qd4) 35. Kh1 Nf2+ $2 (35... Rxc3 36. gxh3 Qe3 (36... Rxa3 37. Rxa3 Qxa3 38. Qxc4+ Kh8 39. Rg2 $17) (36... Re3 $2 37. Qg2 $19) 37. Qxe3 Rxe3 38. Rc2 $11) (35... Re3 36. Qd1 Rxc3 37. gxh3 Rcf3 (37... Rxh3 $2 38. Rd8 $19)) 36. Kg1 Rxc3 {[%emt 0:00:21] Schwarz steht klar auf Gewinn.} 37. Qe6+ Kh8 {[%emt 0:00:01] ( -> ...Nd1+)} 38. Qd6 Ne4+ 39. Qxc5 Nxc5 40. a5 Nb3 {[%emt 0:00:19][%csl LRa1,LRa5,LRd2] Gewichteter Fehlerwert: Weiß=0.64/Schwarz=0.56.  Verlustzug:     	Weiß=1     	---        Fehler:       	Weiß=5     	Schwarz=4     Ungenau:       	Weiß=4     	Schwarz=2     OK:         	Weiß=9     	Schwarz=9     Bester:       	Weiß=3     	Schwarz=4     Stark:        	Weiß=1     	Schwarz=3} 0-1

[Event "Karel Janecek Open 2024"]
[Site "Prague"]
[Date "2024.03.05"]
[Round "7.15"]
[White "Mis, Mieszko"]
[Black "Zhao, Yuanhe"]
[Result "0-1"]
[ECO "B23"]
[WhiteElo "2301"]
[BlackElo "2461"]
[Annotator "RC"]
[PlyCount "86"]
[EventDate "2024.02.22"]
[EventType "swiss"]
[EventCountry "CZE"]
[SourceTitle "playchess.com"]
[Source "ChessBase"]
[SourceQuality "1"]
[TimeControl "40/5400+30:1800+30"]

1. e4 c5 2. Nc3 a6 3. g3 b5 4. Bg2 Bb7 5. d3 Nf6 6. Nh3 d6 7. O-O e6 8. f4 b4 9. Na4 Be7 10. c3 bxc3 11. bxc3 O-O 12. Nf2 Qc7 13. Rb1 Bc6 14. Nb6 Ra7 15. Nc4 d5 16. Ne5 Ba8 17. Qe2 Nc6 18. Nxc6 Bxc6 19. e5 Nd7 20. c4 Rb7 21. Rxb7 Qxb7 22. cxd5 Bxd5 23. Bxd5 Qxd5 24. Be3 Rb8 25. Rc1 Rb4 26. Ne4 g6 27. Nc3 Qb7 28. Rc2 Nb6 29. Bf2 h5 30. Ne4 Nd5 31. h4 Rb1+ 32. Kh2 Nb4 33. Rd2 Kg7 34. a3 Nd5 35. Rc2 Qb3 36. Bxc5 Bxc5 37. Nxc5 Qxa3 38. f5 exf5 39. e6 Qa1 40. exf7 Rh1+ 41. Kg2 Nf4+ 42. gxf4 Qg1+ 43. Kf3 Rh3# 0-1

[Event "Karel Janecek Open 2024"]
[Site "Prague"]
[Date "2024.03.05"]
[Round "7.16"]
[White "Harikrishnan.A.Ra"]
[Black "Senthil Maran K"]
[Result "1-0"]
[ECO "A05"]
[WhiteElo "2448"]
[BlackElo "2275"]
[Annotator "TA"]
[PlyCount "99"]
[EventDate "2024.02.22"]
[EventType "swiss"]
[EventCountry "CZE"]
[SourceTitle "playchess.com"]
[Source "ChessBase"]
[SourceQuality "1"]
[TimeControl "40/5400+30:1800+30"]

1. Nf3 Nf6 2. g3 b5 3. Na3 a6 4. c4 e6 5. b3 Bb7 6. Bg2 c6 7. O-O d5 8. Bb2 {[%emt 0:09:03] White has an edge.} Nbd7 9. d4 Be7 10. Nc2 O-O (10... dxc4 $11 11. bxc4 c5) 11. c5 $14 Ne4 12. Nce1 e5 13. e3 exd4 14. exd4 Bf6 15. Nd3 Re8 16. Re1 a5 17. Qc2 g6 18. Nfe5 Bg7 19. Re2 (19. Bxe4 $5 dxe4 20. Rxe4 $11) 19... f6 20. Nxd7 Qxd7 21. Rae1 Ba6 22. b4 a4 23. Bc1 Ng5 24. Nf4 Rxe2 25. Qxe2 (25. Nxe2 $6 Ne6 $11) 25... Rd8 26. h4 Ne4 27. Bxe4 dxe4 28. Qxe4 Bc8 29. Bb2 {[%emt 0:01:51] White is more active.} a3 30. Bxa3 f5 {[%emt 0:00:08] This costs Black the game.} (30... g5 $16) 31. Qf3 $18 Bxd4 32. Bb2 Bxb2 33. Qb3+ Qf7 34. Qxb2 h6 (34... Bd7 {was worth a try.} 35. Rd1 Re8) 35. Qc1 Rd4 $2 (35... Re8 36. a3 (36. Rxe8+ Qxe8 37. Ng2 Kh7 $16) 36... Rxe1+ 37. Qxe1 g5) 36. Qc3 Re4 37. Rd1 g5 38. hxg5 hxg5 39. Nh3 Qe7 40. Qd2 {[%emt 0:01:08] White is clearly winning.} g4 (40... Be6 $142 41. Qxg5+ (41. Nxg5 Bd5 $18) 41... Qg7 42. Qxg7+ (42. Qd8+ Qf8 $18) 42... Kxg7) 41. Ng5 Re2 42. Qd8+ Qe8 43. Qf6 {[%emt 0:00:00] [#] White threatens Rd8 and mate.} Re1+ 44. Rxe1 Qxe1+ {[%emt 0:00:05][%mdl 4096] Endgame. KQB-KQN} 45. Kg2 Qe8 {[%emt 0:00:27] Repels Qg6+} 46. Qh6 Qe7 (46... f4 $142 47. Qh7+ (47. gxf4 Bf5 $18) 47... Kf8 48. Qh8+ (48. gxf4 Qd7 $18) 48... Ke7 49. Qg7+ Kd8 50. Nf7+ (50. gxf4 g3 $18) 50... Kc7 51. Nd6+ (51. gxf4 Qe4+ 52. Kg3 Qf3+ 53. Kh4 Kb8 $18) 51... Qd7 52. Qxd7+ Bxd7 53. gxf4 Be6) 47. Qg6+ (47. Qxc6 $2 {too greedy.} Bb7 $19) 47... Qg7 48. Qe8+ (48. Qxc6 $2 {perishes.} Bb7 $19) 48... Qf8 49. Qxc6 {[%emt 0:00:00][%cal Oc6c7] [#] And now Qc7! would win.} Kh8 50. Qc7 {[%emt 0:00:00] Weighted Error Value: White=0.16 (very precise) /Black=0.34.  Mistake:       	---       	Black=6      Inaccurate:     	---       	Black=1      OK:         	White=13    	Black=15     Best:        	White=9     	---} 1-0

[Event "Karel Janecek Open 2024"]
[Site "Prague"]
[Date "2024.03.05"]
[Round "7.17"]
[White "Belenkaya, Dina"]
[Black "Roubalik, Jakub"]
[Result "1/2-1/2"]
[ECO "D36"]
[WhiteElo "2202"]
[BlackElo "2351"]
[Annotator "TA"]
[PlyCount "195"]
[EventDate "2024.02.22"]
[EventType "swiss"]
[EventCountry "CZE"]
[SourceTitle "playchess.com"]
[Source "ChessBase"]
[SourceQuality "1"]
[TimeControl "40/5400+30:1800+30"]

1. d4 Nf6 2. c4 e6 3. Nc3 d5 4. cxd5 exd5 5. Bg5 c6 6. e3 Be7 7. Bd3 Nbd7 8. Qc2 h6 9. Bh4 Nh5 10. Bxe7 Qxe7 11. Nge2 Nb6 12. O-O {[%emt 0:02:16] D36: Damengambit (Abtauschvariante).} O-O 13. Na4 Nxa4 14. Qxa4 Bd7 $146 ({Predecessor:} 14... Bg4 15. Qc2 Rae8 16. Rab1 a5 17. a3 Bxe2 18. Bxe2 Nf4 19. Bf3 Ne6 20. b4 axb4 21. axb4 {1-0 Koelle,T (2324)-Hummel,D (2649) GER-ch Net blitz qual2 2021 (9)}) 15. Qa5 Nf6 16. Rfc1 Ng4 17. Qc7 Rfc8 18. Qf4 Nf6 19. Nc3 Ne8 20. Na4 Nd6 21. Nc5 Re8 22. Rc3 Rad8 23. b4 Bc8 24. Rac1 Qf8 25. h4 g6 26. Qf6 Qe7 27. Qxe7 Rxe7 28. g3 Kg7 29. Ra3 a6 30. Rac3 Bf5 31. Be2 g5 32. h5 Bc8 33. a4 Rde8 34. Rb1 Bf5 35. Rb2 Ra8 36. Rc1 Ra7 37. Nb3 Ra8 38. Nd2 Ra7 39. Rc5 Be6 40. Bd3 Bg4 41. b5 axb5 42. axb5 Ra1+ 43. Kg2 Rc7 44. bxc6 bxc6 45. Nf3 Ra3 46. Ne5 Bxh5 47. Bf1 (47. Rxc6 $2 Rxc6 48. Nxc6 Rxd3 $19) (47. g4 Bxg4 48. Nxg4 Rxd3 $15) 47... f6 48. Rxc6 Rxc6 49. Nxc6 Bg6 50. Ne7 Be4+ 51. f3 Nf5 52. Nxf5+ Bxf5 53. g4 Be6 54. Kf2 Ra7 55. Bd3 Bf7 56. Rb5 Ra2+ 57. Be2 Bg6 58. Rb7+ (58. Rxd5 $2 Bd3 59. Kg3 (59. Rd7+ $2 Kg6 $19) 59... Bxe2 $19 (59... Rxe2 $2 60. Rd7+ Kg6 61. Re7 $19)) 58... Kf8 59. Rb8+ Ke7 60. Rb7+ Kd6 61. Rb6+ Kc7 62. Ra6 (62. Rxf6 $2 Bd3 63. Kg3 (63. Rf7+ $2 Kc6 $19) 63... Rxe2 $19 (63... Bxe2 64. Rxh6 Bc4 65. Rg6 $15)) 62... Rb2 63. Ra3 (63. Rxf6 $2 Bd3 64. Kg3 (64. Rf7+ $2 Kb6 $19) 64... Rxe2 $19 (64... Bxe2 65. Rxh6 Bc4 66. Rg6 $15)) 63... h5 64. gxh5 Bxh5 65. Ke1 Rb1+ 66. Kd2 Rb2+ 67. Kd1 Kd6 68. Ra6+ Ke7 69. Ra7+ Ke6 70. Rg7 Be8 71. Bd3 Ba4+ 72. Ke1 Rh2 73. Ba6 Bb3 74. Bc8+ Kd6 75. Rd7+ Kc6 76. Rf7 Rh6 77. Kf2 Bc2 78. Kg3 Bd3 79. e4 dxe4 80. fxe4 Rh4 $1 81. Bb7+ Kb6 82. Kf3 ({Doch nicht} 82. Rxf6+ Kxb7 83. e5 Rxd4 84. Rf7+ Kc6 $17) 82... Rh3+ 83. Kf2 Rh4 84. Ke3 (84. Rxf6+ Kxb7 85. Rg6 Rxe4 (85... Bxe4 86. Rxg5 Kc6 87. Ra5 $17) 86. Rxg5 Rxd4 $19) 84... Rh3+ 85. Kd2 Bc4 86. d5 Rd3+ 87. Kc2 Re3 88. Ba8 Rxe4 89. Rxf6+ Kc5 90. d6 Re2+ 91. Kd1 Re8 (91... Re6 $5 92. Rf5+ $8 Kxd6 $11) 92. Bf3 Rd8 93. Rf5+ Kxd6 94. Rxg5 Ke6+ 95. Ke1 Kf6 96. Rc5 Be6 97. Kf2 Rd6 98. Ke3 1/2-1/2

[Event "Karel Janecek Open 2024"]
[Site "Prague"]
[Date "2024.03.05"]
[Round "7.18"]
[White "Benci, Jozef"]
[Black "Botez, Alexandra"]
[Result "1-0"]
[ECO "C12"]
[WhiteElo "1938"]
[BlackElo "1977"]
[Annotator "RC"]
[PlyCount "95"]
[EventDate "2024.02.22"]
[EventType "swiss"]
[EventCountry "CZE"]
[SourceTitle "playchess.com"]
[Source "ChessBase"]
[SourceQuality "1"]
[TimeControl "40/5400+30:1800+30"]

1. e4 e6 2. d4 d5 3. Nc3 Nf6 4. Bg5 Bb4 5. e5 h6 6. Bd2 Bxc3 7. bxc3 Ne4 8. Bc1 c5 9. Ne2 Nc6 10. f3 Ng5 11. h4 Nh7 12. g4 Nf8 13. Nf4 Nd7 14. Nh5 g6 15. Ng3 Qa5 16. Bd2 Qa4 17. Be3 b6 18. f4 Ba6 19. Bxa6 Qxa6 20. Kf2 O-O-O 21. a4 Na5 22. Qf3 Qc4 23. Ne2 f6 24. exf6 Nxf6 25. Kg2 Ne4 26. Bf2 Rhf8 27. Qd3 h5 28. g5 Rde8 29. Be3 Kc7 30. Rhd1 Kc6 31. Ra3 Rf5 32. Ng3 Nxg3 33. Kxg3 Ref8 34. Qd2 Qa6 35. dxc5 bxc5 36. c4 Nxc4 37. Qe2 Qc8 38. Rc3 Qc7 39. Rxc4 dxc4 40. Qxc4 Qb6 41. a5 Qb4 42. Qxe6+ Kb5 43. Qd7+ Kxa5 44. Ra1+ Kb6 45. Qxa7+ Kc6 46. Ra6+ Kd5 47. Qd7+ Kc4 48. Qd3# 1-0

[Event "Karel Janecek Open 2024"]
[Site "Prague"]
[Date "2024.03.05"]
[Round "7.19"]
[White "Botez, Andrea"]
[Black "Janik, Marek Tobias"]
[Result "1-0"]
[ECO "D00"]
[WhiteElo "1709"]
[BlackElo "1971"]
[Annotator "NA RC"]
[PlyCount "73"]
[EventDate "2024.02.22"]
[EventType "swiss"]
[EventCountry "CZE"]
[SourceTitle "playchess.com"]
[Source "ChessBase"]
[SourceQuality "1"]
[TimeControl "40/5400+30:1800+30"]

1. d4 d5 2. Nc3 Nf6 3. Bf4 e6 4. e3 Bb4 5. Bd3 c5 6. dxc5 Nbd7 7. Nf3 Nxc5 8. O-O O-O 9. Ne2 Nxd3 10. cxd3 Bd6 11. Rc1 Bxf4 12. Nxf4 Qd6 13. d4 Bd7 14. Qb3 Qa6 15. Ne5 Bb5 16. Rfe1 Nd7 17. Nfd3 Nxe5 18. Nxe5 f6 19. Nf3 Rac8 20. Qb4 Rc6 21. Nd2 Rfc8 22. Rxc6 Qxc6 23. Nb3 b6 24. f3 a5 25. Qd2 a4 26. Na1 Qc4 27. b3 Qc3 28. Qd1 a3 29. e4 Qb2 30. exd5 exd5 31. Qb1 Qxd4+ 32. Kh1 Bd3 33. Qd1 Qf2 34. Rg1 Rc3 35. b4 Qxa2 36. Qe1 Kf8 37. Qxc3 1-0

[Event "Karel Janecek Open 2024"]
[Site "Prague"]
[Date "2024.03.06"]
[Round "8.1"]
[White "Amar, Elham"]
[Black "Kourkoulos-Arditis, Stamatis"]
[Result "0-1"]
[ECO "C78"]
[WhiteElo "2555"]
[BlackElo "2547"]
[Annotator "TA"]
[PlyCount "206"]
[EventDate "2024.02.22"]
[EventType "swiss"]
[EventCountry "CZE"]
[SourceTitle "playchess.com"]
[Source "ChessBase"]
[SourceQuality "1"]
[TimeControl "40/5400+30:1800+30"]

1. e4 e5 2. Nf3 Nc6 3. Bb5 a6 4. Ba4 Nf6 5. O-O Bc5 6. c3 b5 7. Bc2 d5 8. a4 dxe4 (8... Nxe4 $2 9. axb5 Ne7 10. Nxe5 $18) 9. axb5 $1 Bg4 {[%emt 0:00:08] White is slightly better.} 10. bxc6 exf3 11. gxf3 Bh3 (11... Be6 $11) 12. Re1 $1 $16 {[%emt 0:03:58][%cal Od2d4] aiming for d4!} O-O 13. Ra5 $1 Qd6 14. b4 $1 Bxf2+ 15. Kxf2 e4 16. Kg1 {[%emt 0:11:55] Black must now prevent d4.} (16. Bxe4 Rae8 (16... Qxh2+ 17. Ke3 $16) 17. d3 Qxh2+ 18. Ke3 Nxe4 19. fxe4 f5 $11) 16... Rae8 {[%emt 0:01:05] And now ...exf3 would win.} 17. Re3 (17. fxe4 Bg4 18. e5 (18. Re2 Nxe4 19. Na3 Nf2 $19) 18... Bxd1 (18... Rxe5 19. Raxe5 Bxd1 20. Bxd1 $11) 19. exd6 Rxe1+ 20. Kf2 Bxc2 $17) (17. Rxa6 exf3 18. Rf1 Re2 (18... Bxf1 $2 19. Qxf3 Bxa6 20. Qg3 $19) (18... Ng4 $2 19. Rf2 $19) 19. Rf2 Rxf2 20. Kxf2 Re8 (20... Qxh2+ 21. Ke3 Qe5+ 22. Kxf3 Qd5+ 23. Kg3 Qg2+ 24. Kf4 g5+ 25. Ke3 Re8+ 26. Be4 Qxe4+ 27. Kf2 Qg2#) 21. Qg1 Ng4+ 22. Kxf3 Nxh2+) 17... Nh5 18. Rg5 {[%emt 0:09:55] Dodges Qg6} (18. Rxh5 Qg6+) (18. Rxe4 $2 f5 19. Bb3+ Kh8 $19) 18... Qh6 19. f4 (19. Rg3 $5 Nxg3 20. hxg3 exf3 21. Qxf3 $14) 19... Nxf4 20. Rgg3 f5 (20... Qxc6 $2 21. Rxh3 Nxh3+ 22. Rxh3 $18) 21. d3 Bg4 (21... Qxc6 $2 22. Ba4 (22. Rxh3 exd3 23. Bb3+ Kh8 $18) 22... Qb6 23. Bxe8 $18) 22. Qf1 Nh5 (22... Be2 $1 $11 {remains equal.} 23. Qf2 (23. Rxe2 $2 Nxe2+ 24. Qxe2 Qxc1+ 25. Qd1 Qh6 $17) 23... Bg4) 23. Rg2 (23. Bb3+ $1 $16 Kh8 24. Bf7) 23... Qxc6 (23... Nf4 $11 24. Rgg3 Nh5 (24... Be2 25. Qf2 $11)) 24. dxe4 ({White should try} 24. Rf2 $16) 24... fxe4 $14 25. Bb3+ (25. Rf2 $1 $14 Qg6 26. Bxe4 Bf5+ 27. Bg2 (27. Rg2 Bxe4 28. Rxg6 Rxf1+ 29. Kxf1 hxg6 $17) 27... Bxb1 28. Qc4+ Kh8 29. Qf7 (29. Qxc7 h6 $11)) 25... Be6 $2 {[%emt 0:02:29] [#]} ({Better is} 25... Kh8 $11 26. Qc4 Qd7) 26. Bxe6+ (26. Qd1 $1 $16 Bxb3 27. Qxh5 (27. Qxb3+ Kh8 $15)) 26... Qxe6 27. Qd1 Nf4 $40 {[%emt 0:04:23][%mdl 128] Black is up to no good.} 28. Rgg3 Rd8 29. Nd2 Kh8 (29... Rd3 $11) 30. c4 (30. Rxe4 $2 Qxe4 31. Nxe4 Rxd1+ $19) (30. Qe1 $5) 30... Qf6 {[%emt 0:06:42] Wards off Bb2} 31. Rxe4 (31. Qe1 $1 $14 {is superior.} Nd3 (31... Rd3 $2 32. Nxe4 Qd4 33. Nf2 $18) 32. Nxe4 Nxe1 33. Nxf6) 31... Nd3 $1 $11 32. Rxd3 Rxd3 $15 (32... Qf2+ 33. Kh1 Rxd3 34. Qe1 $17) 33. Qe2 Rd4 {[%emt 0:08:36] Strongly threatening ...Qg6+. Some like it hot} 34. Rxd4 (34. Re3 $15) 34... Qxd4+ $17 35. Kg2 {[%emt 0:00:02] [#]} Qc3 $1 {[%emt 0:00:34][%csl LRb4,LRc1][%mdl 1024] Against Nf3. Black has strong compensation. Black has more active pieces.} 36. Qe7 Rg8 37. Qe1 Qxb4 38. Qe3 Rd8 39. c5 (39. Kf2 $17) 39... Qg4+ $19 40. Kf2 Qd1 41. Nf3 Qc2+ 42. Kg3 h6 43. Bd2 Qf5 44. Ba5 (44. Bb4 $17) 44... Rd3 45. Qe2 Qg5+ 46. Kf2 Qxc5+ 47. Kg2 Rd6 48. Be1 Qd5 49. Bg3 Re6 50. Be5 a5 {[%emt 0:00:27] Threatens to win with ...a4.} 51. Qb2 Rb6 (51... Rg6+ 52. Kf2 $17) 52. Bxg7+ (52. Qc2 Qc6 53. Qe2) 52... Kg8 53. Qc2 Rc6 (53... Kxg7 $2 54. Qxc7+ Kg8 55. Qxb6 $18) 54. Bc3 Qc4 (54... a4 $142 55. Qb2 Qb3 56. Qxb3+ axb3) 55. Qd2 $2 (55. Ne5 Qd5+ (55... Qxc3 $2 56. Qa2+ Kh8 57. Nxc6 $19) 56. Kf1 Qh1+ 57. Ke2 Qxh2+ 58. Kd1 Qg1+ 59. Kd2 Rd6+ 60. Nd3) 55... Qxc3 {[%emt 0:00:24][%mdl 4096] Endgame. KQR-KQN} 56. Qd5+ Kh7 57. Qd7+ Qg7+ 58. Ng5+ hxg5 59. Qxc6 {[%emt 0:00:04] KQ-KQ} Qe5 {[%emt 0:00:17] Inhibits Qe4+.} 60. h3 $2 (60. Kg1) 60... Kg7 61. Kh1 Kf7 62. Qd7+ Kf6 63. Qc6+ Ke7 64. Kg2 Qe2+ 65. Kg3 Qe3+ 66. Kg2 Qd2+ 67. Kh1 Qe1+ 68. Kg2 Qe5 69. Kh1 Kd8 70. Kg2 Qf5 71. Kg1 Qb1+ (71... Qxh3 72. Qd5+ Qd7 73. Qg8+ (73. Qxg5+ Kc8 $15) 73... Ke7 (73... Qe8 74. Qxg5+ Kc8 75. Qxa5 $11) 74. Qxg5+ Kd6 75. Qd2+ Kc6 76. Qxa5 $15) 72. Kg2 Qf5 $2 {[%emt 0:00:13] Against Qd5+} (72... Qa2+ 73. Kf1 Qb1+ 74. Ke2 Qf5) 73. Kg1 $1 Kc8 (73... Qxh3 74. Qd5+ Qd7 75. Qxg5+ Kc8 76. Qxa5 $15) 74. Kg2 Kb8 {[%emt 0:00:08] Inhibits Qa8+.} 75. Kg1 Qb1+ ({Weaker is} 75... Qxh3 76. Qb5+ Kc8 77. Qe8+ Kb7 78. Qb5+ Ka7 (78... Kc8 79. Qe8+ Kb7 80. Qb5+ Ka7 81. Qxa5+ Kb7 82. Qb5+ Kc8 83. Qe8+ Kb7 84. Qb5+ Ka8 85. Qa5+ Kb8 86. Qb5+ Ka7 87. Qa5+ Kb7 88. Qb5+ $11) 79. Qxa5+ Kb7 80. Qxg5 $11) 76. Kh2 Qb4 77. Qe8+ Kb7 {[%emt 0:00:07] ...a4 is the strong threat.} 78. Qg8 Qf4+ 79. Kg2 a4 {[%emt 0:00:05] ( -> ...c5)} 80. Qd5+ Kb6 {[%emt 0:00:09] Black mates.} 81. Qg8 c5 82. Qd8+ Kb5 83. Qe8+ Kb4 84. Qe1+ Kc4 85. Qe2+ Kc3 86. Qe7 Qd4 87. Qa7 Kb2 88. Qb6+ Kc1 89. Qa7 {[%emt 0:00:38] [#]} a3 $1 90. h4 (90. Kg3 Qf4+) 90... gxh4 ({And not} 90... Qxh4 91. Qxa3+ Kd2 92. Qxc5 $11) 91. Kh1 Kb2 92. Qb6+ Ka1 93. Qb3 Qb2 94. Qf3 c4 95. Qf1+ Qb1 96. Kh2 {[%emt 0:00:04] [#]} h3 $1 97. Qf8 Qb2+ 98. Kxh3 c3 99. Qf1+ Ka2 100. Qf7+ Qb3 101. Qf2+ c2+ 102. Kh2 Qb2 103. Qf7+ Ka1 {[%emt 0:00:06] Weighted Error Value: White=0.45/Black=0.26 (precise) .  Mistake:       	White=12    	Black=6      Inaccurate:     	White=3     	Black=1      OK:         	White=19    	Black=20     Best:        	White=9     	Black=11     Strong:       	White=4     	Black=1} 0-1

[Event "Karel Janecek Open 2024"]
[Site "Prague"]
[Date "2024.03.06"]
[Round "8.2"]
[White "Polak, Tomas"]
[Black "Bharath Subramaniyam H"]
[Result "1/2-1/2"]
[ECO "D40"]
[WhiteElo "2525"]
[BlackElo "2515"]
[Annotator "TA"]
[PlyCount "67"]
[EventDate "2024.02.22"]
[EventType "swiss"]
[EventCountry "CZE"]
[SourceTitle "playchess.com"]
[Source "ChessBase"]
[SourceQuality "1"]
[TimeControl "40/5400+30:1800+30"]

1. Nf3 c5 2. c4 Nf6 3. Nc3 Nc6 4. e3 e6 5. d4 d5 6. a3 a6 7. dxc5 Bxc5 8. b4 Bd6 9. Bb2 O-O 10. Rc1 dxc4 11. Bxc4 b5 12. Bd3 {[%emt 0:11:55] [#] And now Ne4 would win.} Ne5 13. Nxe5 Bxe5 14. f4 Bxc3+ 15. Bxc3 Bb7 16. O-O Rc8 17. Bb1 Qxd1 18. Rfxd1 Be4 19. Bxf6 Bxb1 20. Be7 Rxc1 21. Rxc1 Re8 22. Rxb1 Rxe7 $14 {[%emt 0:00:01][%mdl 4096] Endgame. KR-KR} 23. Rc1 {[%emt 0:00:07] [#] Prevents Rc7. Intending Rc8+ and mate.} Kf8 24. Rc8+ Re8 25. Rc6 Ra8 26. Kf2 Ra7 27. Rb6 Ke7 28. g4 Kd7 $1 {[%emt 0:06:26] Hoping for ...Kc7.} 29. Rb8 $1 Kc6 30. Rh8 h6 31. Rg8 {[%emt 0:00:28] The position is equal.} g6 32. Rc8+ Kd6 33. Rd8+ Kc6 34. Rc8+ {[%emt 0:01:39] Weighted Error Value: White=0.06 (flawless) /Black=0.05 (flawless) .  Inaccurate:     	White=1     	Black=2      OK:         	White=8     	Black=12     Best:        	---       	Black=2      Strong:       	White=1     	Black=1} 1/2-1/2